 Dungeon Crawl Stone Soup version 0.30-a0-639-g3916f1956a (webtiles) character file.

Game seed: 2996366044758385408

154 bakla the Ruffian (level 5, -1/49 HPs)
             Began as a Troll Enchanter on Jan 15, 2023.
             Slain by a gnoll
             ... wielding a +0 flail
              (8 damage)
             ... on level 2 of the Dungeon.
             The game lasted 00:04:42 (1750 turns).

bakla the Ruffian (Troll Enchanter)                 Turns: 1750, Time: 00:04:42

Health: -1/49      AC:  4    Str: 16    XL:     5   Next: 13%
Magic:  5/5        EV:  9    Int: 13    God:
Gold:   72         SH:  0    Dex: 10    Spells: 6/6 levels left

rFire   . . .      SeeInvis .      - Unarmed
rCold   . . .      Faith    .    (no shield)
rNeg    . . .      Spirit   .    b - +0 robe
rPois   .          Reflect  .    (helmet restricted)
rElec   .          Harm     .    (no cloak)
rCorr   .          Rampage  .    (gloves unavailable)
Will    .....                    (boots unavailable)
Stlth   ++                       (no amulet)
HPRegen 1.08/turn                (no ring)
MPRegen 0.09/turn                (no ring)

@: invisible
A: large, unfitting armour, claws 3, regeneration 1, shaggy fur 1, tough skin 1
a: no special abilities


You were on level 2 of the Dungeon.
You visited 1 branch of the dungeon, and saw 3 of its levels.

You collected 72 gold pieces.

Inventory:

Hand Weapons
 a - a +1 dagger
Missiles
 e - 3 poisoned darts (quivered)
Armour
 b - a +0 robe (worn)
Wands
 d - a wand of polymorph (6)
 i - a wand of paralysis (4)
Scrolls
 f - a scroll of teleportation {unknown}
 j - a scroll of immolation
Potions
 c - a potion of invisibility
 g - a potion of degeneration {unknown}
 h - a potion of lignification {unknown}
 l - a potion of curing {unknown}


   Skills:
 + Level 2.0 Fighting
 - Level 0.7 Short Blades
 - Level 1.5 Dodging
 - Level 1.5 Stealth
 * Level 3.9 Unarmed Combat
 - Level 1.2 Spellcasting
 - Level 2.0 Hexes


You had 6 spell levels left.
You didn't know any spells.
Your spell library contained the following spells:

 Spells                   Type           Power      Damage    Failure   Level
 Ensorcelled Hibernation  Hex/Ice        6%         N/A       28%         2
 Confusing Touch          Hex            6%         N/A       36%         3
 Tukima's Dance           Hex            6%         N/A       36%         3
 Dazzling Flash           Conj/Hex       6%         N/A       50%         3


Dungeon Overview and Level Annotations

Branches:
Dungeon (3/15)

Altars:
Gozag
The Shining One


Innate Abilities, Weirdness & Mutations

You are too large for most types of armour.
You have claws for hands.
Your natural rate of healing is unusually fast.
You are covered in fur. (AC +1)
You have tough skin. (AC +1)


Message History

You closely miss the gnoll. The gnoll hits you with a +0 flail.
You closely miss the gnoll. The gnoll barely misses you.
The gnoll barely misses you. The gnoll barely misses you.
You scratch the gnoll.
The gnoll is heavily wounded.
The gnoll hits you from afar with a +0 spear.
You scratch the gnoll but do no damage. The gnoll closely misses you.
The gnoll barely misses you. The gnoll hits you but does no damage.
You barely miss the gnoll.
The gnoll is heavily wounded.
The gnoll closely misses you. The gnoll barely misses you.
The gnoll hits you from afar with a +0 spear.
You scratch the gnoll but do no damage.
The gnoll is heavily wounded.
The gnoll hits you with a +0 flail!
There is a stone staircase leading up here.
The gnoll hits you with a +0 flail! The gnoll barely misses you.
You climb upwards.
There is a stone staircase leading down here.
You barely miss the gnoll.
The gnoll is heavily wounded.
The gnoll hits you with a +0 flail. x2
* * * LOW HITPOINT WARNING * * *
You scratch the gnoll.
The gnoll is heavily wounded.
The gnoll completely misses you. x2
You barely miss the gnoll.
The gnoll is heavily wounded.
The gnoll hits you with a +0 flail.
* * * LOW HITPOINT WARNING * * *
The gnoll hits you with a +0 flail!
* * * LOW HITPOINT WARNING * * *
The gnoll throws a throwing net.
The throwing net closely misses you. The gnoll barely misses you.
The gnoll attacks as you move away! The gnoll hits you with a +0 flail!
* * * LOW HITPOINT WARNING * * *
You fade into invisibility!
The gnoll hits you with a +0 flail!
You die...

#.# #.###...## ##.#####.####.##
#..........##.# #...>.......#.#
#.######......# #.# #......#
#.# ##......#
#.#####.....#.#################
........#.....gg@..(..........#
#.##.##<...##>.#######..#####.#
#.#.#.##...##..# #..# #.#
#..###.##..##..# #..# #.# #.##
##.#..##..# #..# #.# .##
##...##..# #..### #.# #.##
##.#.###..#######....# #.#
...###.##.# #.......###.#.# #.#
#.#.#.###.# ##..#.#.# #.#.# #.#


You could see 2 gnolls.

Vanquished Creatures
  Ijyb (D:2)
  6 adders
  3 dart slugs
  3 endoplasms
  12 goblins
  5 hobgoblins
  10 jackals
  2 kobolds
  6 quokkas
  7 ball pythons
  4 bats
  7 rats
66 creatures vanquished.

Notes
Turn   | Place    | Note
-------+----------+-------------------------------------------
     0 | D:1      | bakla the Troll Enchanter began the quest for the Orb.
     0 | D:1      | Reached XP level 1. HP: 16/16 MP: 1/1
   167 | D:1      | Reached skill level 1 in Unarmed Combat
   194 | D:1      | Reached XP level 2. HP: 26/26 MP: 2/2
   373 | D:1      | Reached skill level 1 in Fighting
   373 | D:1      | Reached skill level 2 in Unarmed Combat
   449 | D:1      | You fall into a shaft and drop 1 floor!
   598 | D:2      | Reached XP level 3. HP: 33/33 MP: 3/3
   867 | D:2      | Reached skill level 3 in Unarmed Combat
   867 | D:2      | Reached XP level 4. HP: 39/41 MP: 4/4
   905 | D:2      | Found a glowing golden altar of the Shining One.
   954 | D:2      | Noticed Ijyb
   985 | D:2      | Killed Ijyb
  1540 | D:3      | Reached XP level 5. HP: 49/49 MP: 5/5
  1629 | D:3      | Found a faded altar of an unknown god.
  1664 | D:3      | Found an opulent altar of Gozag.
  1750 | D:2      | Slain by a gnoll

Illustrated notes

Levels and vault maps discovered:
D:1:      minmay_arrival_shattered_statue, layout_basic
D:2:      kennysheep_the_goblin_king, layout_loops_ring, basic_altar,
          kennysheep_generic_room_15
D:3:      layout_basic, nicolae_gozag_cash_rules_everything_around_me,
          dreamdust_ecumenical_altar_grove

Skill      XL: |  1  2  3  4 |
---------------+-------------+-----
Unarmed Combat | 1 2 3 |  3.9
Fighting       | 1 2 |  2.0
Short Blades   | |  0.7
Dodging        | |  1.5
Stealth        | |  1.5
Spellcasting   | |  1.2
Hexes          | |  2.0

Action                   |  1- 3 |  4- 6 || total
-------------------------+-------+-------++-------
Melee: Unarmed           |   121 |   102 ||   223
       Punch             |     3 |       ||     3
Throw: Stone             |    30 |    10 ||    40
  Use: Scroll            |       |     5 ||     5
       Potion            |       |     1 ||     1
 Stab: Sleeping          |     1 |       ||     1
Armor: Robe              |    44 |    18 ||    62
       Skin              |       |     2 ||     2
Dodge: Dodged            |    58 |    50 ||   108

Table legend: (Time is in decaauts)
 A = Elapsed time spent in this place.
 B = Non-inter-level travel time spent in this place.
 C = Inter-level travel time spent in this place.
 D = Time resting spent in this place.
 E = Time spent auto-exploring this place.
 F = Levels seen in this place.
 G = Mean time per level.
                   A        B        C        D        E       F      G
               +--------+--------+--------+--------+--------+-----+--------+
         Total |   1742 |   1693 |     49 |    118 |    995 |   3 |  580.7 |
       Dungeon |   1742 |   1693 |     49 |    118 |    995 |   3 |  580.7 |
               +--------+--------+--------+--------+--------+-----+--------+

Top non-repeatable levels by time:
     D:2: 962 daAuts
     D:1: 577 daAuts
     D:3: 202 daAuts
